[Event "Titled Tuesday Blitz April 19 Late 2022"]
[White "Isajevsky, Anton"]
[Black "Kosteniuk, Alexandra"]
[WhiteFideId "4142500"]
[BlackFideId "4128125"]
[WhiteElo "2510"]
[BlackElo "2469"]
[Result "0-1"]
[Round "09"]
[TimeControl "180+1"]
[Date "2022.04.19"]
[WhiteClock "0:00:07"]
[BlackClock "0:00:12"]

1. c4 e5 2. g3 Nf6 3. Bg2 d5 4. cxd5 Nxd5 5. Nf3 Nc6 6. O-O Nb6 7. b3 Be7 8. Bb2 f6 9. Nc3 O-O 10. Rc1 Bg4 11. h3 Be6 12. Kh2 a5 13. d3 Nb4 14. a3 N4d5 15. Ne4 c6 16. Nc5 Bxc5 17. Rxc5 Qe7 18. Rc1 Rfd8 19. Qc2 Bf7 20. Nd2 Nc7 21. Qc5 Qxc5 22. Rxc5 Nd7 23. Rcc1 Nb5 24. Rfe1 Nd4 25. b4 axb4 26. axb4 Ra2 27. Bxd4 exd4 28. Ne4 Ne5 29. b5 cxb5 30. Rb1 Be8 31. Nc5 Rc2 32. Nxb7 Rb8 33. Rec1 Rxe2 34. Kg1 Nxd3 35. Rc7 Kf8 36. Bf1 Re7 37. Rxe7 Kxe7 38. Na5 Ne5 39. f4 Nf3+ 40. Kf2 Nd2 41. Re1+ Kd6 42. Bd3 Bg6 43. Bxg6 hxg6 44. Rd1 Ne4+ 45. Kf3 Nc3 46. Rxd4+ Kc5 47. Rd7 b4 48. Rc7+ Kb5 49. Nc6 Rb6 50. Nd4+ Ka5 51. Ra7+ Ra6 52. Nc6+ Kb6 53. Rxa6+ Kxa6 54. Nxb4+ Kb5 55. Nd3 Kc4 56. Nf2 f5 57. g4 Kd4 58. g5 Nd5 59. h4 Nc3 60. Nh1 Ne4 61. Ng3 Nxg3 62. Kxg3 Ke3 63. h5 gxh5 64. g6 Ke4 65. Kh4 Kxf4 66. Kxh5 Ke5 67. Kg5 Ke6 68. Kf4 Kf6 0-1


[Site "https://www.chess.com"]

[Event "Titled Tuesday Blitz April 19 Late 2022"]
[White "Iskusnyh, Sergei"]
[Black "Dilmukhametov, Artur"]
[WhiteFideId "4120027"]
[BlackFideId "24179922"]
[WhiteElo "2492"]
[BlackElo "2244"]
[Result "1-0"]
[Round "09"]
[TimeControl "180+1"]
[Date "2022.04.19"]
[WhiteClock "0:00:06"]
[BlackClock "0:00:12"]

1. d4 d5 2. c4 c6 3. Nf3 Nf6 4. Qb3 dxc4 5. Qxc4 Bf5 6. g3 e6 7. Bg2 Nbd7 8. O-O Be7 9. e3 O-O 10. Rd1 Rc8 11. Qe2 Qb6 12. Nc3 Ne4 13. Ne1 Ndf6 14. f3 Nxc3 15. bxc3 c5 16. e4 Bg6 17. Be3 cxd4 18. cxd4 Rc3 19. Rab1 Qc7 20. Rdc1 Rxc1 21. Rxc1 Qa5 22. Nd3 Nd7 23. Qd2 Qd8 24. Qc3 Bd6 25. Nf4 Nb6 26. Nxg6 hxg6 27. Qa5 Qb8 28. e5 Bc7 29. Bf2 Nd5 30. Qb5 Bb6 31. f4 Rd8 32. Bf3 a6 33. Qb3 Qa7 34. Rc4 Ba5 35. Bxd5 Rxd5 36. Rc8+ Rd8 37. Rxd8+ Bxd8 38. d5 Qb8 39. dxe6 fxe6 40. Qxe6+ Kh7 41. h4 Qc7 42. h5 Qc1+ 43. Kh2 gxh5 44. Qf5+ Kg8 45. Qxh5 Qc2 46. Qe8+ Kh7 47. Kg2 Qe4+ 48. Kg1 Qb1+ 49. Kg2 Qe4+ 50. Kh2 Qe2 51. Kg1 Qd1+ 52. Kg2 Qd5+ 53. Kh3 Qh1+ 54. Kg4 Qd1+ 55. Kf5 Qc2+ 56. Ke6 Qxa2+ 57. Kd7 Qxf2 58. Qh5+ Kg8 59. Qe8+ Kh7 60. Kxd8 Qb6+ 61. Kc8 Qc5+ 62. Kb8 Qc3 63. e6 Qxg3 64. e7 Qxf4+ 65. Ka8 Qf6 66. Qh5+ Qh6 67. Qxh6+ Kxh6 68. e8=Q g5 69. Qf7 g4 70. Qf6+ Kh5 71. Qf4 Kh4 72. Kxb7 Kh3 73. Qh6+ Kg2 74. Kxa6 g3 75. Qf4 Kh3 76. Qf3 Kh2 77. Qf4 Kh3 78. Qf1+ Kh2 79. Kb5 g2 80. Qf2 Kh1 81. Qh4+ Kg1 82. Kc4 Kf1 83. Qf4+ Ke2 84. Qg3 Kf1 85. Qf3+ Kg1 86. Kd3 Kh2 87. Qf4+ Kh1 88. Qh4+ Kg1 89. Ke3 Kf1 90. Qf2# 1-0


[Site "https://www.chess.com"]

[Event "Titled Tuesday Blitz April 19 Late 2022"]
[White "Janaszak, Dawid"]
[Black "Yoo, Christopher Woojin"]
[WhiteFideId "1119206"]
[BlackFideId "30909694"]
[WhiteElo "2199"]
[BlackElo "2105"]
[Result "0-1"]
[Round "09"]
[TimeControl "180+1"]
[Date "2022.04.19"]
[WhiteClock "0:00:04"]
[BlackClock "0:00:05"]

1. e4 Nf6 2. e5 Nd5 3. d4 d6 4. Nf3 dxe5 5. Nxe5 c6 6. Bd3 g6 7. O-O Bg7 8. f4 Nd7 9. Qe1 O-O 10. c4 N5f6 11. Be3 Nxe5 12. fxe5 Ng4 13. Nc3 c5 14. Nd5 Nxe3 15. Qxe3 cxd4 16. Qg3 Be6 17. Be4 Rc8 18. b3 b5 19. Nf4 bxc4 20. Nxe6 fxe6 21. Rxf8+ Qxf8 22. Rf1 Qe8 23. bxc4 Rxc4 24. Qb3 Qc8 25. Bb7 Qc7 26. Ba6 Rc6 27. Qf3 Kh8 28. Qf7 Qd8 29. Bd3 Rc3 30. Be4 d3 31. Bxg6 d2 32. Bh5 Rc1 33. Bd1 Bxe5 34. Qh5 Bf6 35. h3 Rc4 36. Qe2 Qd4+ 37. Kh1 Rc6 38. Bb3 Rd6 39. Bc2 Qe5 40. Qg4 Qg5 41. Qe4 Qh6 42. Qa8+ Kg7 43. Qe4 Qg6 44. Qc4 Qg3 45. Qe4 Qg6 46. Qc4 Qg5 47. Qe4 Qh6 48. Qc4 Rd4 49. Qc6 Qg5 50. Qf3 Rd6 51. Qe4 Rd4 52. Qxh7+ Kf8 53. Qh8+ Kf7 54. Qh7+ Ke8 55. Qe4 Rxe4 56. Bxe4 Qg3 57. Bf3 Be5 58. Bh5+ Kd7 59. Kg1 Qe3+ 60. Kh1 Bg3 61. Bf3 Bf2 62. h4 Qe1 0-1


[Site "https://www.chess.com"]

[Event "Titled Tuesday Blitz April 19 Late 2022"]
[White "Jarocka, Liwia"]
[Black "Nazaretyan, Tigran"]
[WhiteFideId "21807558"]
[BlackFideId "24162345"]
[WhiteElo "1896"]
[BlackElo "2225"]
[Result "1-0"]
[Round "09"]
[TimeControl "180+1"]
[Date "2022.04.19"]
[WhiteClock "0:00:13"]
[BlackClock "0:00:12"]

1. e4 c5 2. Nf3 Nc6 3. d4 cxd4 4. Nxd4 Nf6 5. Nc3 d6 6. Bg5 e6 7. Qd2 a6 8. O-O-O Bd7 9. f4 h6 10. Bxf6 Qxf6 11. Nb3 Qd8 12. Bd3 Be7 13. Kb1 Qc7 14. g4 g5 15. f5 O-O-O 16. Rhf1 Ne5 17. Nd4 Kb8 18. h3 Qc5 19. Nf3 Nxf3 20. Rxf3 Bc6 21. fxe6 fxe6 22. Rf7 Rde8 23. a3 h5 24. Qe2 hxg4 25. hxg4 Qe5 26. Rf2 Ref8 27. Rdf1 Rf4 28. Rxf4 gxf4 29. Qf2 Bg5 30. Ne2 Rf8 31. Nd4 Bxe4 32. Re1 d5 33. Nf3 Qg7 34. Bxe4 dxe4 35. Rxe4 Bf6 36. Rxf4 Rd8 37. Rb4 Rd1+ 38. Ka2 Qd7 39. Qb6 Bd8 40. Qe3 Qd5+ 41. Qb3 Qd7 42. Ne5 Qc7 43. Nc4 Be7 44. Rb6 Bc5 45. Rxe6 Ka7 46. Ne3 Re1 47. Nd5 Qg3 48. Nc3 Rxe6 49. Qxe6 Bd4 50. Qc4 Bxc3 51. bxc3 Qf2 52. Qd4+ Qxd4 53. Kb2 Kb6 54. cxd4 Kc6 55. Kc3 Kd5 56. Kd3 Ke6 57. c4 b5 58. Ke4 bxc4 59. d5+ Kf6 60. Kd4 c3 61. Kxc3 Ke5 62. Kc4 a5 63. Kc5 a4 64. d6 Kf4 65. d7 Kxg4 66. d8=Q Kf3 67. Qb6 Ke2 68. Qb4 Ke3 69. Qxa4 Kd3 70. Qb4 Kc2 71. a4 1-0


[Site "https://www.chess.com"]

[Event "Titled Tuesday Blitz April 19 Late 2022"]
[White "Jegorovas, Aleksandras"]
[Black "Miszler, Levente"]
[WhiteFideId "12801950"]
[BlackFideId "763276"]
[WhiteElo "2247"]
[BlackElo "1966"]
[Result "1/2-1/2"]
[Round "09"]
[TimeControl "180+1"]
[Date "2022.04.19"]
[WhiteClock "0:00:33"]
[BlackClock "0:01:21"]

1. Nf3 Nf6 2. c4 c5 3. Nc3 Nc6 4. e3 e6 5. d4 cxd4 6. exd4 d5 7. cxd5 exd5 8. Bd3 Bd6 9. h3 a6 10. O-O O-O 11. Bg5 h6 12. Bxf6 Qxf6 13. Nxd5 Qe6 14. Nc3 Qf6 15. Ne4 Qd8 16. Nxd6 Qxd6 17. a3 Be6 18. Be4 Rad8 19. Bxc6 Qxc6 20. Rc1 Qd5 21. Rc5 Qd7 22. Qd2 Bd5 23. Ne5 Qd6 24. Rc3 Bxg2 25. Kxg2 Qxe5 26. dxe5 Rxd2 27. Rc7 Rxb2 28. Rd1 Re8 29. Rdd7 Rxe5 30. Rxf7 Rg5+ 31. Kf3 b5 32. h4 Rg6 33. h5 Rf6+ 34. Rxf6 gxf6 35. Ra7 Ra2 36. Rxa6 b4 37. Rxf6 Rxa3+ 38. Kf4 Kg7 39. Rg6+ Kh7 40. Rb6 b3 41. f3 Ra4+ 42. Kf5 Ra5+ 43. Kf6 Rxh5 44. Rb7+ Kg8 45. Rxb3 Rh3 46. Rb8+ Kh7 47. f4 Rf3 48. f5 h5 49. Rb7+ Kh6 50. Rb8 Kh7 51. Kg5 h4 52. Rb7+ Kg8 53. Kg6 Rg3+ 54. Kf6 h3 55. Rb8+ Kh7 56. Rb7+ Kh6 57. Rb8 Kh7 58. Rb4 Kg8 59. Rh4 Rf3 60. Ke5 Kg7 61. Ke4 Ra3 62. Ke5 Ra5+ 63. Ke6 Ra6+ 64. Ke7 Ra7+ 65. Ke6 Ra6+ 66. Ke7 Ra7+ 67. Ke6 Ra6+ 1/2-1/2


[Site "https://www.chess.com"]

[Event "Titled Tuesday Blitz April 19 Late 2022"]
[White "Jobava, Baadur"]
[Black "Jaferian, Koosha"]
[WhiteFideId "13601520"]
[BlackFideId "12507440"]
[WhiteElo "2617"]
[BlackElo "2030"]
[Result "1-0"]
[Round "09"]
[TimeControl "180+1"]
[Date "2022.04.19"]
[WhiteClock "0:00:07"]
[BlackClock "0:00:02"]

1. b3 d5 2. Bb2 Bf5 3. d3 Nf6 4. Nd2 h6 5. g3 e6 6. Bg2 Bh7 7. e4 c6 8. Ne2 Nbd7 9. O-O Be7 10. e5 Ng8 11. Nf4 Qc7 12. Re1 Bf8 13. c4 Ne7 14. Rc1 Qb6 15. d4 Ng6 16. Nh5 Ne7 17. Nf3 Be4 18. Ba3 Ng6 19. Bxf8 Kxf8 20. c5 Qc7 21. Rxe4 dxe4 22. Nd2 Rd8 23. Qe2 Kg8 24. Nxe4 Kh7 25. Nd6 Rhf8 26. Be4 Nb8 27. Qg4 Qe7 28. h4 Kh8 29. Kg2 b6 30. b4 bxc5 31. bxc5 Na6 32. Bxc6 Nc7 33. Rb1 Rb8 34. Be4 Rxb1 35. Bxb1 Rb8 36. Nxf7+ Qxf7 37. Bxg6 Qe7 38. Be4 Qf7 39. Nf4 Rd8 40. Bg6 Qe7 41. Bc2 Qf7 42. h5 Kg8 43. Ng6 Nd5 44. Bb3 Rb8 45. Qe4 Rd8 46. Bc2 Nc3 47. Qd3 Nd5 48. Bd1 Nb4 49. Qc4 Nd5 50. Bg4 Re8 51. c6 Rb8 52. Bf3 Rb2 53. Bxd5 Qxf2+ 54. Kh3 Qh2+ 55. Kg4 exd5 56. Qxd5+ Kh7 57. Nf8+ Kh8 58. Qe4 Qe2+ 59. Qxe2 Rxe2 60. d5 Rxe5 61. c7 Re8 62. d6 Rxf8 63. d7 1-0


[Site "https://www.chess.com"]

[Event "Titled Tuesday Blitz April 19 Late 2022"]
[White "Kamsky, Gata"]
[Black "Kollars, Dmitrij"]
[WhiteFideId "2000024"]
[BlackFideId "12909572"]
[WhiteElo "2645"]
[BlackElo "2584"]
[Result "1-0"]
[Round "09"]
[TimeControl "180+1"]
[Date "2022.04.19"]
[WhiteClock "0:00:31"]
[BlackClock "0:00:07"]

1. e4 e5 2. Nf3 Nc6 3. Bb5 g6 4. d4 exd4 5. Bg5 Be7 6. Bxe7 Qxe7 7. Bxc6 dxc6 8. Qxd4 Nf6 9. Nc3 O-O 10. O-O Rd8 11. Qe3 b6 12. h3 Bb7 13. Rfe1 c5 14. Qf4 Rd7 15. Qh6 Qf8 16. Qh4 Qg7 17. e5 Nh5 18. Ne4 Rad8 19. g4 Bxe4 20. Rxe4 f5 21. Re3 Nf4 22. e6 Re7 23. Rae1 Rde8 24. Ng5 Qf6 25. gxf5 Qxf5 26. Rf3 Rf8 27. Re4 h6 28. Rexf4 hxg5 29. Rxf5 Rxf5 30. Qe4 1-0


[Site "https://www.chess.com"]

[Event "Titled Tuesday Blitz April 19 Late 2022"]
[White "Kozak, Adam"]
[Black "Zhao, Jun"]
[WhiteFideId "753246"]
[BlackFideId "8602522"]
[WhiteElo "2459"]
[BlackElo "2547"]
[Result "1-0"]
[Round "09"]
[TimeControl "180+1"]
[Date "2022.04.19"]
[WhiteClock "0:00:24"]
[BlackClock "0:00:05"]

1. Nf3 Nf6 2. b3 g6 3. Bb2 Bg7 4. g3 O-O 5. Bg2 c5 6. c4 Nc6 7. O-O d6 8. d4 cxd4 9. Nxd4 Bd7 10. Nc3 Nxd4 11. Qxd4 Bc6 12. Nd5 Bxd5 13. Bxd5 Qc7 14. Bf3 Ne8 15. Qd2 Bxb2 16. Qxb2 Nf6 17. Rac1 Rac8 18. h4 b6 19. h5 Qc5 20. Rcd1 gxh5 21. Kg2 b5 22. Rd4 Qe5 23. cxb5 Qxb5 24. Rh1 Qe5 25. Qd2 Rc5 26. b4 Rc2 27. Qxc2 Qxd4 28. Rh4 Qb6 29. Bxh5 d5 30. Bf3 Qd6 31. a4 Rd8 32. b5 e5 33. e3 d4 34. exd4 exd4 35. Qd3 Qc5 36. a5 Kg7 37. Rf4 Rb8 38. b6 axb6 39. a6 b5 40. a7 Qxa7 41. Qf5 Ng8 42. Rh4 h6 43. Rg4+ Kh8 44. Bd5 Rf8 45. Qe5+ f6 46. Qd6 1-0


[Site "https://www.chess.com"]

[Event "Titled Tuesday Blitz April 19 Late 2022"]
[White "Krishnakumar, Sriram"]
[Black "Romanchuk, Viktor"]
[WhiteFideId "30915856"]
[BlackFideId "14109271"]
[WhiteElo "2430"]
[BlackElo "2242"]
[Result "0-1"]
[Round "09"]
[TimeControl "180+1"]
[Date "2022.04.19"]
[WhiteClock "0:01:34"]
[BlackClock "0:01:33"]

1. e4 e6 2. d4 d5 3. Nc3 dxe4 4. Nxe4 Nd7 5. Nf3 Ngf6 6. Ng3 Be7 7. Bd3 O-O 8. O-O c5 9. c3 b6 10. Bf4 Bb7 11. Ne5 cxd4 12. cxd4 Nxe5 13. dxe5 Qd5 14. Qf3 Qxf3 15. gxf3 Nd5 16. Bd2 Bc5 17. Be4 Bd4 18. Bc3 Bxc3 19. bxc3 Rac8 20. Rac1 Ba6 21. Rfd1 Nxc3 22. Rd7 Nxe4 23. Rxc8 Bxc8 0-1


[Site "https://www.chess.com"]

[Event "Titled Tuesday Blitz April 19 Late 2022"]
[White "Kujawski, Adam"]
[Black "Ricaurte Lopez, Juan Carlos"]
[WhiteFideId "1100920"]
[BlackFideId "3600327"]
[WhiteElo "2053"]
[BlackElo "2209"]
[Result "1-0"]
[Round "09"]
[TimeControl "180+1"]
[Date "2022.04.19"]
[WhiteClock "0:00:12"]
[BlackClock "0:00:08"]

1. e4 e5 2. Nf3 Nc6 3. Bb5 a6 4. Ba4 Nf6 5. O-O b5 6. Bb3 Be7 7. d4 Nxe4 8. Re1 d5 9. dxe5 Be6 10. Nbd2 Nc5 11. c3 Nxb3 12. Nxb3 O-O 13. Nfd4 Nxd4 14. cxd4 a5 15. Be3 a4 16. Nc1 a3 17. b3 Bb4 18. Bd2 Be7 19. Nd3 Qd7 20. Bb4 Bxb4 21. Nxb4 Bf5 22. Rc1 f6 23. Qd2 Rae8 24. exf6 Rxe1+ 25. Rxe1 Rxf6 26. Re5 Rd6 27. Qg5 Be6 28. Nd3 Bf7 29. Nc5 Qc6 30. Re7 h6 31. Qf5 Rf6 32. Qd7 Qxd7 33. Rxd7 c6 34. f3 Rf4 35. Rd8+ Kh7 36. Nd7 Rxd4 37. Nf8+ Kg8 38. Ne6+ Kh7 39. Nxd4 1-0


[Site "https://www.chess.com"]

[Event "Titled Tuesday Blitz April 19 Late 2022"]
[White "Leitao, Rafael"]
[Black "Wagner, Dinara"]
[WhiteFideId "2101246"]
[BlackFideId "24157570"]
[WhiteElo "2655"]
[BlackElo "2505"]
[Result "0-1"]
[Round "09"]
[TimeControl "180+1"]
[Date "2022.04.19"]
[WhiteClock "0:00:20"]
[BlackClock "0:00:14"]

1. e4 c5 2. Nf3 d6 3. d4 cxd4 4. Nxd4 Nf6 5. Nc3 a6 6. Be2 e6 7. Be3 Be7 8. f4 O-O 9. g4 Nc6 10. Qd2 Nxd4 11. Bxd4 b5 12. g5 Nd7 13. a3 e5 14. Be3 exf4 15. Bxf4 Ne5 16. Nd5 Be6 17. O-O-O Bxd5 18. exd5 Rc8 19. h4 Nc4 20. Bxc4 Rxc4 21. Kb1 Qb6 22. Rhe1 Bd8 23. h5 b4 24. Be3 Qb7 25. axb4 Rxb4 26. c3 Rb5 27. h6 Ba5 28. Ka1 Rb8 29. Qd4 f5 30. Qxg7+ Qxg7 31. hxg7 Bxc3 32. Bd4 Ra5+ 0-1


[Site "https://www.chess.com"]

[Event "Titled Tuesday Blitz April 19 Late 2022"]
[White "Leiva, Gianmarco"]
[Black "Yedidia, Daniel"]
[WhiteFideId "3804399"]
[BlackFideId "30905907"]
[WhiteElo "2323"]
[BlackElo "2627"]
[Result "0-1"]
[Round "09"]
[TimeControl "180+1"]
[Date "2022.04.19"]
[WhiteClock "0:00:03"]
[BlackClock "0:00:06"]

1. e4 e5 2. Nf3 Nc6 3. Bc4 Nf6 4. d3 Be7 5. O-O O-O 6. Re1 d6 7. Nbd2 Na5 8. h3 Nxc4 9. dxc4 h6 10. b3 a5 11. a4 Nd7 12. Nf1 Nc5 13. Ng3 Bh4 14. Nxh4 Qxh4 15. Be3 Be6 16. Qf3 Rad8 17. Rad1 g6 18. Bxc5 dxc5 19. Ne2 Kg7 20. Nc3 c6 21. Rxd8 Rxd8 22. Rd1 Rd4 23. Rd3 Qg5 24. Ne2 Rxd3 25. Qxd3 b6 26. Kf1 h5 27. Qd1 h4 28. Ng1 Qf4 29. Nf3 Qxe4 30. Qe2 Qxe2+ 31. Kxe2 Bf5 32. Kd2 Be4 33. Ne1 g5 34. f3 Bf5 35. Nd3 Bxd3 36. cxd3 Kf6 37. Ke2 Kf5 38. Ke3 f6 39. Ke2 Kf4 40. Kf2 f5 41. Ke2 Kg3 42. Kf1 g4 43. hxg4 fxg4 44. fxg4 Kxg4 45. Kf2 Kf4 46. Ke2 Kg3 47. Kf1 Kf4 48. Kf2 e4 49. dxe4 Kxe4 50. Ke2 Kf4 51. Kf2 Kg4 52. Ke2 Kg3 53. Kf1 Kf4 54. Kf2 Ke4 55. Ke2 Kd4 56. Kf3 Kc3 57. Kg4 Kxb3 58. Kxh4 Kxa4 59. g4 b5 60. cxb5 cxb5 61. g5 b4 62. g6 b3 63. g7 b2 64. g8=Q b1=Q 65. Qe8+ Qb5 66. Qc8 c4 67. Kg3 Qb3+ 68. Kf4 c3 69. Qc6+ Ka3 70. Ke3 c2+ 71. Kd2 Kb2 72. Qf6+ Kb1 73. Qf1+ Ka2 74. Qf5 Qb4+ 75. Kxc2 Qb1+ 76. Kc3 Qxf5 77. Kc4 Qc2+ 78. Kb5 Qb3+ 79. Ka6 a4 80. Ka5 Kb2 0-1


[Site "https://www.chess.com"]

[Event "Titled Tuesday Blitz April 19 Late 2022"]
[White "Lewtak, Damian"]
[Black "Mekhitarian, Krikor Sevag"]
[WhiteFideId "1141724"]
[BlackFideId "2107660"]
[WhiteElo "2362"]
[BlackElo "2598"]
[Result "1-0"]
[Round "09"]
[TimeControl "180+1"]
[Date "2022.04.19"]
[WhiteClock "0:00:05"]
[BlackClock "0:00:03"]

1. d4 Nf6 2. c4 g6 3. Nc3 d5 4. Nf3 Bg7 5. e3 O-O 6. Be2 c5 7. dxc5 dxc4 8. O-O Qxd1 9. Rxd1 Nbd7 10. Nd5 Nxd5 11. Rxd5 e6 12. Rd1 Nxc5 13. Bxc4 b6 14. Nd4 Bb7 15. Bd2 Rac8 16. b3 Rfd8 17. Bc3 a6 18. Rac1 b5 19. Bf1 Ne4 20. Ba5 Re8 21. f3 Nf6 22. Kf2 Nd5 23. Ne2 Bh6 24. Bd2 Red8 25. Rxc8 Rxc8 26. Rc1 Rxc1 27. Nxc1 e5 28. Nd3 f6 29. Nc5 Bc8 30. Bd3 Bf8 31. Ne4 f5 32. Nc3 Nb4 33. Bb1 Be6 34. a3 Nc6 35. b4 Kf7 36. Bd3 Be7 37. Ke2 h5 38. h3 h4 39. a4 Nxb4 40. axb5 Nxd3 41. bxa6 Bc5 42. Kxd3 Bc8 43. Kc4 Ba7 44. Kb5 Ke6 45. Ka5 Bb8 46. Nb5 Bd7 47. a7 Bxa7 48. Nxa7 Kd5 49. Kb4 g5 50. Nb5 Bc6 51. Nc3+ Ke6 52. e4 fxe4 53. fxe4 Kf6 54. Kc4 Bd7 55. Be1 Kg6 56. Kd3 g4 57. Bxh4 gxh3 58. gxh3 Bxh3 59. Ke3 Bg2 60. Nb5 Kf7 61. Bg3 Ke6 62. Na3 Bh1 63. Nc4 Ke7 64. Nxe5 Ke6 65. Nf3 Bg2 66. Kf4 Kf7 67. Ng5+ Kg6 68. e5 Bd5 69. Bf2 Bb3 70. Bd4 Ba2 71. Ne4 Kf7 72. Nc5 Bd5 73. Ke3 Bc4 74. Kd2 Bd5 75. Kc3 Ba2 76. Kb4 Ke7 77. Ka5 Bf7 78. Kb6 Bd5 79. Kc7 Bg8 80. Be3 Bd5 81. Bg5+ Kf7 82. Kd6 Bc4 83. Bh4 Ba2 84. Ne4 Bb3 85. Nf6 Ba2 86. Nd5 Bb1 87. e6+ Kf8 88. e7+ Kf7 89. Nc7 1-0


[Site "https://www.chess.com"]

[Event "Titled Tuesday Blitz April 19 Late 2022"]
[White "Lopez, Henry"]
[Black "Koutlas, Nikolaos"]
[WhiteFideId "5203830"]
[BlackFideId "25827138"]
[WhiteElo "2177"]
[BlackElo "1645"]
[Result "0-1"]
[Round "09"]
[TimeControl "180+1"]
[Date "2022.04.19"]
[WhiteClock "0:00:28"]
[BlackClock "0:00:20"]

1. d4 b6 2. Nf3 Bb7 3. c4 Nf6 4. Nc3 g6 5. d5 Bg7 6. e4 d6 7. Be2 e5 8. O-O Nbd7 9. Rb1 a5 10. b3 O-O 11. a3 h6 12. Ne1 Ne8 13. Be3 f5 14. f3 f4 15. Bf2 g5 16. Nd3 Ba6 17. Nb2 h5 18. b4 axb4 19. axb4 Nef6 20. h3 Rf7 21. Ra1 g4 22. fxg4 hxg4 23. hxg4 Bh6 24. Bh4 Rg7 25. Qd3 Qe8 26. Ra4 Nxg4 27. Qh3 Ne3 28. Rf2 Bb7 29. Qe6+ Qxe6 30. Rxa8+ Bxa8 31. dxe6 Nb8 32. b5 Bg5 0-1


[Site "https://www.chess.com"]

[Event "Titled Tuesday Blitz April 19 Late 2022"]
[White "Lopez Idarraga, Daniel Eduardo"]
[Black "Musovic, Armin"]
[WhiteFideId "4405501"]
[BlackFideId "939935"]
[WhiteElo "2055"]
[BlackElo "2255"]
[Result "0-1"]
[Round "09"]
[TimeControl "180+1"]
[Date "2022.04.19"]
[WhiteClock "0:01:10"]
[BlackClock "0:02:04"]

1. d4 d5 2. Nf3 Nf6 3. e3 c5 4. c3 cxd4 5. exd4 Nc6 6. Bf4 a6 7. Nbd2 Bg4 8. Qb3 Na5 9. Qa4+ b5 10. Qc2 Rc8 11. Bd3 e6 12. Ne5 Bh5 13. O-O Bd6 14. Rae1 O-O 15. Re3 Nc4 16. Ndxc4 dxc4 17. Be2 Bg6 18. Nxg6 hxg6 19. Bxd6 Qxd6 20. Rh3 Rfd8 21. Qc1 e5 22. Qg5 exd4 23. Qh4 Nh5 24. Bxh5 gxh5 25. Qxh5 Qh6 26. Qg4 Qg6 27. Qh4 Qh6 28. Qe7 Qf6 29. Qxf6 gxf6 30. cxd4 Rxd4 31. Re1 Rd2 32. Ra3 Rc6 33. Rb1 Re6 34. Rf3 Rxb2 35. Rd1 Rd2 36. Rc1 Rxa2 37. g4 Rd2 38. Ra1 b4 39. Rf4 Rc6 40. Ra4 c3 41. Raxb4 c2 42. Rbc4 Rxc4 43. Rxc4 Rd1+ 44. Kg2 c1=Q 0-1


[Site "https://www.chess.com"]

[Event "Titled Tuesday Blitz April 19 Late 2022"]
[White "Mangialardo, Tiago Carvalho"]
[Black "Bongo Akanga Ndjila, Barthelemy"]
[WhiteFideId "2130718"]
[BlackFideId "10609431"]
[WhiteElo "2047"]
[BlackElo "1768"]
[Result "1-0"]
[Round "09"]
[TimeControl "180+1"]
[Date "2022.04.19"]
[WhiteClock "0:01:40"]
[BlackClock "0:02:13"]

1. e4 c6 2. d4 d5 3. exd5 cxd5 4. Bd3 Nc6 5. Nf3 Nf6 6. c3 Bg4 7. O-O e6 8. Bf4 Bd6 9. Bg5 Be7 10. Nbd2 Bxf3 11. Nxf3 O-O 12. Qc2 h6 13. Bh4 Rc8 14. Qe2 Nh5 15. Bg3 Nxg3 16. hxg3 Bf6 17. Rfe1 a6 18. Bc2 Re8 19. Qd3 g6 20. Ne5 Nxe5 21. dxe5 Bg7 22. a4 Rc4 23. Bb3 Rc5 24. Bd1 b5 25. b4 Rxc3 26. Qxc3 1-0


[Site "https://www.chess.com"]

[Event "Titled Tuesday Blitz April 19 Late 2022"]
[White "Martic, Ivan"]
[Black "Janturin, Artur"]
[WhiteFideId "929301"]
[BlackFideId "4130022"]
[WhiteElo "2317"]
[BlackElo "2400"]
[Result "1-0"]
[Round "09"]
[TimeControl "180+1"]
[Date "2022.04.19"]
[WhiteClock "0:00:52"]
[BlackClock "0:00:06"]

1. d4 e6 2. e4 d5 3. e5 c5 4. c3 Qb6 5. Nf3 Bd7 6. Be2 Bb5 7. c4 Bxc4 8. Bxc4 dxc4 9. d5 exd5 10. Qxd5 Ne7 11. Qe4 Qc6 12. Qxc4 Qa6 13. Na3 Qxc4 14. Nxc4 Nf5 15. O-O Nc6 16. Rd1 Ncd4 17. Nxd4 Nxd4 18. Be3 O-O-O 19. b4 Nc2 20. Rxd8+ Kxd8 21. Rd1+ Kc7 22. Bxc5 Nxb4 23. Nd6 Nc6 24. Nxf7 Rg8 25. Be3 Be7 26. e6 Bf6 27. Rd7+ Kb8 28. Bf4+ Ka8 29. Nd6 Rd8 30. g4 Rxd7 31. exd7 b6 32. Kg2 Nb8 33. g5 Be7 34. Nf5 Bd8 35. Bxb8 Kxb8 36. Nxg7 Kc7 37. Ne6+ Kxd7 38. Nxd8 Kxd8 39. f4 Kd7 40. f5 Kd6 41. Kf3 b5 42. Ke4 a5 43. Kd4 b4 44. Kc4 Ke5 45. f6 Ke6 46. h4 1-0


[Site "https://www.chess.com"]

[Event "Titled Tuesday Blitz April 19 Late 2022"]
[White "Martinez Alcantara, Jose Eduardo"]
[Black "Bryakin, Mikhail"]
[WhiteFideId "3805662"]
[BlackFideId "4165314"]
[WhiteElo "2690"]
[BlackElo "2417"]
[Result "1-0"]
[Round "09"]
[TimeControl "180+1"]
[Date "2022.04.19"]
[WhiteClock "0:00:19"]
[BlackClock "0:00:57"]

1. e4 Nf6 2. e5 Nd5 3. d4 d6 4. Nf3 Bg4 5. Be2 e6 6. O-O Be7 7. c4 Nb6 8. exd6 cxd6 9. Be3 O-O 10. Nbd2 N8d7 11. h3 Bh5 12. Rc1 Rc8 13. b4 Bg6 14. Qb3 Nf6 15. a4 Ne4 16. a5 Nd7 17. Nxe4 Bxe4 18. Rfd1 h6 19. Nd2 Bg6 20. Bf3 Qc7 21. c5 Qb8 22. Bf4 e5 23. dxe5 dxe5 24. Be3 Nf6 25. Nc4 e4 26. Be2 Rfd8 27. Qb2 Nd5 28. Bd4 f6 29. Bg4 f5 30. Be5 Qa8 31. Be2 Nf6 32. Nd6 Kh7 33. Nxc8 Qxc8 34. Rxd8 Qxd8 35. Rd1 Qe8 36. Bd6 Bd8 37. Qe5 Qf7 38. a6 bxa6 39. c6 Ne8 40. Bb8 Bb6 41. Qc3 f4 42. Bc4 Qe7 43. Bxf4 Nf6 44. Be3 Bh5 45. Rd2 Bc7 46. Bxa6 Qf7 47. Bc4 Qg6 48. Kf1 Bf3 49. gxf3 exf3 50. Bd3 Ne4 51. Bxe4 Qxe4 52. Qd3 1-0


[Site "https://www.chess.com"]

[Event "Titled Tuesday Blitz April 19 Late 2022"]
[White "Melikhov, Evgeny V."]
[Black "Derraugh, Geordie"]
[WhiteFideId "4122046"]
[BlackFideId "2603950"]
[WhiteElo "1931"]
[BlackElo "2116"]
[Result "1-0"]
[Round "09"]
[TimeControl "180+1"]
[Date "2022.04.19"]
[WhiteClock "0:00:05"]
[BlackClock "0:00:37"]

1. d4 Nf6 2. c4 g6 3. Nc3 d5 4. cxd5 Nxd5 5. e4 Nxc3 6. bxc3 Bg7 7. Bc4 c5 8. Ne2 O-O 9. Be3 Nc6 10. h4 cxd4 11. cxd4 Qa5+ 12. Kf1 h5 13. Rc1 e6 14. Bg5 Bd7 15. d5 exd5 16. Qxd5 Qxd5 17. Bxd5 Rac8 18. f3 b6 19. Kf2 Nb4 20. Rxc8 Rxc8 21. Bb3 a5 22. Rd1 Be8 23. Rd8 Rxd8 24. Bxd8 a4 25. Bd1 b5 26. a3 Nd3+ 27. Ke3 Nb2 28. Bc2 Bf8 29. Nc3 Bxa3 30. Bd3 Bc5+ 31. Kd2 b4 32. Nd5 Nxd3 33. Kxd3 Bb5+ 34. Kc2 Bf1 35. g3 Bg2 36. Ba5 b3+ 37. Kb2 Bxf3 38. Bc3 Bd1 39. Nf6+ Kf8 40. Nd7+ Ke7 41. Nxc5 Kd6 42. Nxa4 f5 43. exf5 gxf5 44. Bb4+ Kd5 45. Kc3 Ke4 46. Nb2 Bc2 47. Bd6 Kf3 48. Bf4 Kg4 49. Nd3 Kf3 50. Nc5 Bd1 51. Nxb3 Be2 52. Nd4+ Kf2 53. Nxe2 Kxe2 54. Kd4 1-0


[Site "https://www.chess.com"]

[Event "Titled Tuesday Blitz April 19 Late 2022"]
[White "Mirza, Diana"]
[Black "Mohammadian, Mohammad"]
[WhiteFideId "2503999"]
[BlackFideId "12566055"]
[WhiteElo "1813"]
[BlackElo "1544"]
[Result "1-0"]
[Round "09"]
[TimeControl "180+1"]
[Date "2022.04.19"]
[WhiteClock "0:00:23"]
[BlackClock "0:00:28"]

1. b4 e5 2. Bb2 d6 3. c4 Bd7 4. d4 exd4 5. Qxd4 Nf6 6. Nf3 Be7 7. e3 O-O 8. Be2 Nc6 9. Qd2 a5 10. b5 Ne5 11. Nxe5 dxe5 12. Bxe5 Ne4 13. Qd4 Nf6 14. O-O Qc8 15. Nc3 Be6 16. Qf4 Rd8 17. Rad1 Rxd1 18. Rxd1 Qe8 19. Bxc7 Rc8 20. b6 Bb4 21. Nb5 Bd7 22. Nd6 Bxd6 23. Qxd6 Bc6 24. Bf3 Bxf3 25. gxf3 Nh5 26. Qd8 Rxd8 27. Rxd8 Qxd8 28. Bxd8 Kf8 29. c5 Ke8 30. Bc7 Kd7 31. Kf1 g6 32. Ke2 Ng7 33. Kd3 Ne6 34. Bd6 Kc6 35. Kc4 Ng5 36. f4 Ne4 37. f3 Nd2+ 38. Kd4 Nxf3+ 39. Ke4 Nd2+ 40. Ke5 Nc4+ 41. Kf6 Nxd6 42. cxd6 Kxd6 43. Kxf7 Kc6 44. e4 Kxb6 45. e5 Kc6 46. e6 b5 47. e7 a4 48. e8=Q+ Kc5 49. Qe5+ Kc4 50. Qc7+ Kb4 51. Kg7 Ka3 52. Qc2 b4 53. Kxh7 b3 54. axb3 axb3 55. Qb1 b2 56. Kxg6 Kb3 57. f5 Kc3 58. f6 Kb3 59. f7 Ka3 60. f8=Q+ Kb3 61. Qf3+ Kc4 62. Qxb2 Kc5 63. Qfc3+ Kd5 64. Qbd2+ Ke6 65. Qce3# 1-0


[Site "https://www.chess.com"]